 Dungeon Crawl Stone Soup version 0.20-a0-1026-gc3ddcbd (webtiles) character file.

3999 theAP the Basher (level 10, -1/67 HPs)
             Began as a Gargoyle Fighter on Apr 20, 2017.
             Was a High Priest of Okawaru.
             Slain by a death yak (17 damage)
             ... on level 8 of the Dungeon.
             The game lasted 00:19:11 (7099 turns).

theAP the Basher (Gargoyle Fighter)                 Turns: 7099, Time: 00:19:11

Health: -1/67      AC: 17    Str: 26    XL:     10   Next: 23%
Magic:  11/11      EV:  7    Int:  8    God:    Okawaru [*****.]
Gold:   327        SH:  9    Dex:  9    Spells: 9/9 levels left

rFire    . . .     SeeInvis .   a - +0 flail
rCold    . . .     Gourm    +   c - +0 shield
rNeg     + + .     Faith    .   b - +0 scale mail
rPois    ∞         Spirit   .   u - +2 hat
rElec    +         Reflect  .   (no cloak)
rCorr    .         Harm     .   C - +0 pair of gloves
MR       +....                  t - +0 pair of boots
Stlth    ..........             y - amulet of the gourmand
Regen    0.3/turn               F - ring of protection from magic
MPRegen  0.2/turn               h - ring of positive energy

@: no status effects
A: horns 1, yellow scales 1, deformed body, high mp 1, negative energy
resistance 1, electricity resistance, strong 1, wild magic 1, unbreathing,
petrification resistance, rot immunity, AC +7
a: Heroism, Finesse, Renounce Religion


You were on level 8 of the Dungeon.
You worshipped Okawaru.
Okawaru was extremely pleased with you.
You were very full.

You visited 1 branch of the dungeon, and saw 8 of its levels.
You also visited: Ossuary.

You collected 327 gold pieces.

Inventory:

Hand Weapons
 a - a +0 flail (weapon)
Armour
 b - a +0 scale mail (worn)
 c - a +0 shield (worn)
 t - a +0 pair of boots (worn)
 u - a +2 hat (worn)
 C - a +0 pair of gloves (worn)
Jewellery
 g - an uncursed ring of protection from fire
 h - a ring of positive energy (right hand)
 i - an uncursed ring of stealth
 n - an uncursed ring of poison resistance
 p - a +3 ring of intelligence
 x - an uncursed ring of loudness
 y - an amulet of the gourmand (around neck)
 A - an uncursed ring of ice
 F - a ring of protection from magic (left hand)
Scrolls
 d - a scroll of fear
 e - 2 scrolls of amnesia
 l - a scroll of noise
 q - 3 scrolls of remove curse
 r - 2 scrolls of summoning {unknown}
 s - 3 scrolls of teleportation
 G - a scroll of identify
Potions
 j - 3 potions of degeneration
 o - 5 potions of lignification
 w - 2 potions of magic
 B - 2 potions of resistance
 D - a potion of invisibility
Comestibles
 f - 4 bread rations
 k - 8 meat rations
 E - a royal jelly


   Skills:
 + Level 9.6 Fighting
 * Level 11.8 Maces & Flails
 - Level 3.2 Armour
 - Level 3.2 Shields


You had 9 spell levels left.
You didn't know any spells.

Dungeon Overview and Level Annotations

Branches:
Dungeon (8/15)             Temple (0/1) D:7
   Lair: D:8-11

Altars:
Ashenzari
Okawaru
Qazlal
Xom

Shops:
D:8 =


Innate Abilities, Weirdness & Mutations

You are resistant to torment.
Your stone body is resilient. (AC +7)
You are immune to poison.
You resist negative energy. (rN+)
You are resistant to electric shocks. (rElec)
You can survive without breathing.
You are immune to petrification.
You are immune to rotting.
You have a pair of small horns on your head.
You are partially covered in yellow scales. (AC +2)
Armour fits poorly on your strangely shaped body.
You have an increased reservoir of magic. (+10% MP)
Your muscles are strong. (Str +2)
Your spells are a little harder to cast, but a little more powerful.


Message History

The death yak is moderately wounded.
You barely miss the death yak.
The death yak is moderately wounded.
The death yak gores you.
You bump into the rock wall.
The death yak gores you!
* * * LOW HITPOINT WARNING * * *
You hit the death yak but do no damage.
The death yak is moderately wounded.
The death yak gores you but does no damage.
You bump into the rock wall.
The death yak gores you.
The death yak snorts and paws the ground.
The death yak gores you.
You bump into the rock wall.
The death yak gores you but does no damage.
You're too confused to move!
You feel less invigorated.
You feel less confused. The death yak gores you!!
* * * LOW HITPOINT WARNING * * *
The death yak gores you!
You die...

.......###.##
.......# #..#
..####.###.#.# .
##.....#.#
#........#
#........# #
#........# # .
#....^...#######.#
.
#........#@Y...[#
.####
#........#Y###.##
....#
#........#Y##.#
###.#
####.###>.YY.#
....# #.#
#.W.##a## .<###
#.# #..(###.## ..#
#.# #..)†(YY.# ..#
#.# #..####W.....
.## . ..# #..#
W....


You could see 5 death yaks and a phantom.

Vanquished Creatures
  The ghost of George the Slasher, a novice DsGl of Makhleb (D:5)
  A hippogriff (D:8)
  A wyvern (D:8)
  Menkaure (D:6)
  Duvessa (D:5)
  An orc warrior (D:6)
  A phantom (D:4)
  The ghost of George the Shield-Bearer, an amateur MiFi of Wu Jian (D:3)
  4 ogres
  4 centaurs
  3 elf zombies (Ossuary)
  A gnoll sergeant (D:5)
  3 bullfrogs
  Dowan (D:5)
  A scorpion (D:5)
  6 killer bees (D:7)
  4 wights (D:7)
  A howler monkey (D:5)
  4 crimson imps (D:3)
  6 centaur zombies
  A hound (D:5)
  2 jellies
  4 orc priests
  3 orc wizards
  A bullfrog skeleton (D:5)
  4 human zombies (Ossuary)
  An iguana (D:7)
  4 worker ants
  A hound zombie (D:3)
  3 mummies (Ossuary)
  Robin (D:3)
  6 gnolls
  4 adders
  3 shadow imps
  An ooze (D:2)
  2 adder zombies
  An adder skeleton (D:7)
  2 worms
  A dart slug (D:1)
  4 leopard geckos
  19 orcs
  A ball python (D:3)
  3 giant cockroaches
  15 goblins
  7 hobgoblins
  15 jackals
  9 kobolds
  3 quokkas
  7 bats
  6 frilled lizards
  A jackal skeleton (D:6)
  11 rats
192 creatures vanquished.

Notes
Turn   | Place    | Note
-------+----------+-------------------------------------------
     0 | D:1      | theAP the Gargoyle Fighter began the quest for the Orb.
     0 | D:1      | Reached XP level 1. HP: 14/14 MP: 1/1
   112 | D:1      | Reached XP level 2. HP: 19/19 MP: 2/2
   644 | D:2      | Found an iron altar of Okawaru.
   644 | D:2      | Found a shattered altar of Ashenzari.
   664 | D:2      | Became a worshipper of Warmaster Okawaru
   714 | D:2      | Reached XP level 3. HP: 24/24 MP: 3/3
   717 | D:2      | Reached skill level 3 in Maces & Flails
   722 | D:2      | Found a stormy altar of Qazlal.
  1472 | D:3      | Reached XP level 4. HP: 21/29 MP: 4/4
  1473 | D:3      | Noticed George's ghost (amateur MiFi)
  1743 | D:3      | Found a shimmering altar of Xom.
  1813 | D:3      | Reached skill level 4 in Maces & Flails
  1849 | D:3      | Reached XP level 5. HP: 29/34 MP: 5/5
  2150 | D:3      | Reached skill level 5 in Maces & Flails
  2150 | D:3      | Reached XP level 6. HP: 40/40 MP: 6/6
  2244 | D:3      | Reached * piety under Okawaru
  2244 | D:3      | Reached skill level 5 in Fighting
  2325 | D:3      | Killed George's ghost
  2373 | D:3      | Noticed Robin
  2426 | D:3      | Killed Robin
  2690 | D:3      | Reached skill level 6 in Maces & Flails
  2690 | D:3      | Reached XP level 7. HP: 41/44 MP: 7/7
  2834 | D:4      | Reached ** piety under Okawaru
  3194 | D:4      | Reached skill level 7 in Maces & Flails
  3479 | D:4      | Gained mutation: You are resistant to hostile enchantments. (MR+) [potion of mutation]
  3479 | D:4      | Gained mutation: You are partially covered in icy blue scales. (AC +2) [potion of mutation]
  3479 | D:4      | Gained mutation: You have a somewhat thin skeletal structure. (Dex +2, Stealth) [potion of mutation]
  3479 | D:4      | Gained mutation: You possess an exceptional clarity of mind. [potion of mutation]
  3554 | D:5      | Entered Level 5 of the Dungeon
  3564 | D:5      | Noticed George's ghost (novice DsGl)
  3630 | D:5      | Killed George's ghost
  3630 | D:5      | Reached *** piety under Okawaru
  3630 | D:5      | Reached skill level 8 in Maces & Flails
  3630 | D:5      | Reached XP level 8. HP: 40/52 MP: 8/8
  4228 | D:6      | Noticed Menkaure
  4233 | D:6      | Killed Menkaure
  4233 | D:6      | Reached skill level 9 in Maces & Flails
  4501 | D:6      | Reached XP level 9. HP: 44/58 MP: 9/9
  4596 | D:6      | Found an iron altar of Okawaru.
  4896 | D:6      | Noticed Duvessa
  4898 | D:6      | Noticed Dowan
  5043 | D:5      | Killed Duvessa
  5052 | D:5      | Reached **** piety under Okawaru
  5061 | D:5      | Killed Dowan
  5374 | D:7      | Reached skill level 10 in Maces & Flails
  5641 | D:7      | Found a sand-covered staircase.
  5678 | Ossuary  | Entered an ossuary
  5964 | Ossuary  | Reached skill level 11 in Maces & Flails
  6000 | Ossuary  | Reached ***** piety under Okawaru
  6010 | Ossuary  | Lost mutation: You have a somewhat thin skeletal structure. (Dex +2, Stealth) [potion of mutation]
  6010 | Ossuary  | Lost mutation: You are resistant to hostile enchantments. (MR+) [potion of mutation]
  6010 | Ossuary  | Gained mutation: Scrolls take you a little longer to read. [potion of mutation]
  6010 | Ossuary  | Gained mutation: You have a pair of small horns on your head. [potion of mutation]
  6011 | Ossuary  | Lost mutation: Scrolls take you a little longer to read. [potion of mutation]
  6011 | Ossuary  | Lost mutation: You possess an exceptional clarity of mind. [potion of mutation]
  6011 | Ossuary  | Lost mutation: You have a pair of small horns on your head. [potion of mutation]
  6011 | Ossuary  | Lost mutation: You are partially covered in icy blue scales. (AC +2) [potion of mutation]
  6011 | Ossuary  | Gained mutation: You have an increased reservoir of magic. (+10% MP) [potion of mutation]
  6011 | Ossuary  | Gained mutation: Scrolls take you a little longer to read. [potion of mutation]
  6011 | Ossuary  | Gained mutation: Armour fits poorly on your strangely shaped body. [potion of mutation]
  6011 | Ossuary  | Gained mutation: Your muscles are strong. (Str +2) [potion of mutation]
  6012 | Ossuary  | Lost mutation: Your muscles are strong. (Str +2) [potion of mutation]
  6012 | Ossuary  | Lost mutation: Scrolls take you a little longer to read. [potion of mutation]
  6012 | Ossuary  | Gained mutation: You are partially covered in yellow scales. (AC +2) [potion of mutation]
  6012 | Ossuary  | Gained mutation: Your spells are a little harder to cast, but a little more powerful. [potion of mutation]
  6012 | Ossuary  | Gained mutation: Your muscles are strong. (Str +2) [potion of mutation]
  6012 | Ossuary  | Gained mutation: You have a pair of small horns on your head. [potion of mutation]
  6113 | D:7      | Reached XP level 10. HP: 26/66 MP: 11/11
  6456 | D:7      | Found a staircase to the Ecumenical Temple.
  6580 | D:8      | Found Piere's Jewellery Boutique.
  7063 | D:8      | Noticed a death yak
  7067 | D:8      | Noticed a death yak
  7067 | D:8      | Noticed a death yak
  7068 | D:8      | Noticed a death yak
  7068 | D:8      | Noticed a death yak
  7069 | D:8      | Noticed a death yak
  7099 | D:8      | Slain by a death yak

Vault maps used:
D:1:      dpeg_arrival_windows_large_door
D:2:      chequers_temple_overflow_statue_of_worship, grunt_qazlal_clouds,
          first_bread
D:3:      wad_river_or_something, led_xom_imps, uniq_robin
D:4:      wad_floor_pattern_untrapped
D:5:      minmay_misc_feat_columns
D:6:      okawaru_altar_gauntlet_db, uniq_menkaure, uniq_duvessa
D:7:      minmay_temple_entry_poolview, enter_ossuary_5
D:8:      eat_drink_and_be_merry_uskayaw, dpeg_lair_monsters, serial_shops,
          nicolae_shop_window_shopping, grunt_ogre_cave
Ossuary:  ossuary_minmay_four_chambers

Skill      XL: |  1  2  3  4  5  6  7  8  9 |
---------------+----------------------------+-----
Maces & Flails | 3 4 5 6 8 9 11 | 11.8
Fighting       | 4 5 6 7 9 |  9.6
Armour         | |  3.2
Shields        | |  3.2

Action                   |  1- 3 |  4- 6 |  7- 9 | 10-12 || total
-------------------------+-------+-------+-------+-------++-------
Melee: Flail             |   101 |   282 |   545 |    68 ||   996
       Headbutt          |       |       |     6 |    13 ||    19
  Use: Scroll            |     5 |       |    11 |     2 ||    18
       Potion            |       |     2 |     7 |     2 ||    11
  Eat: Chunk             |     2 |     6 |     7 |     5 ||    20
       Royal jelly       |       |     1 |     1 |       ||     2
       Fruit             |       |       |       |     7 ||     7
Armor: Scale mail        |    68 |   204 |   317 |    47 ||   636
Dodge: Dodged            |    29 |   117 |   158 |    26 ||   330
Block: Shield            |    65 |   200 |   240 |    40 ||   545
